 Dungeon Crawl Stone Soup version 0.32-a0-921-g04a7ad8e02 (webtiles) character file.

Game seed: 6724893181783704459

26175 DryNick the Skirmisher (level 12, -10/96 HPs)
             Began as a Minotaur Hunter on Apr 14, 2023.
             Was a Priest of Hepliaklqana.
             Killed from afar by Frances (51 damage)
             ... with an iron shot
             ... on level 12 of the Dungeon on Apr 12, 2024.
             The game lasted 00:43:33 (9908 turns).

DryNick the Skirmisher (Minotaur Hunter)            Turns: 9908, Time: 00:43:33

Health: -10/96     AC: 17    Str: 17    XL:     12   Next: 96%
Magic:  16/16      EV: 11    Int:  6    God:    Hepliaklqana [***...]
Gold:   568        SH:  0    Dex: 18    Spells: 11/11 levels left

rFire   . . .        G - +0 orcbow
rCold   . . .        (shield currently unavailable)
rNeg    . . .        v - +3 chain mail {Will+}
rPois   .            (helmet restricted)
rElec   .            P - +0 cloak
rCorr   .            (no gloves)
SInv    +            F - +0 pair of boots
Will    +....        h - amulet of regeneration Stlth
                     r - ring of see invisible
HPRegen 1.16/turn    B - +4 ring of slaying
MPRegen 0.15/turn

%: no passive effects
@: no status effects
A: reduced essence, horns 2, retaliatory headbutt
a: Renounce Religion, Recall Ancestor, Ancestor Identity, Transference


You were on level 12 of the Dungeon.
You worshipped Hepliaklqana.
Hepliaklqana was most pleased with you.
You visited 2 branches of the dungeon, and saw 13 of its levels.
You also visited: Bailey.

You collected 709 gold pieces.
You spent 141 gold pieces at shops.

Inventory:

Hand Weapons
 f - a +2 vampiric dagger
 o - a +4 mace of freezing
 G - a +0 orcbow (weapon)
 K - a +2 whip of venom
 L - a +3 broad axe
 T - a +2 dagger of holy wrath
Missiles
 d - a silver javelin
 O - a throwing net
Armour
 u - +0 acid dragon scales
 v - a +3 chain mail of willpower (worn)
 F - a +0 pair of boots (worn)
 P - a +0 cloak (worn)
Jewellery
 h - an amulet of regeneration (around neck)
 q - a ring of ice
 r - a ring of see invisible (left hand)
 B - a +4 ring of slaying (right hand)
 Q - a +4 ring of slaying
Wands
 c - a wand of roots (21)
 D - a wand of polymorph (9)
 E - a wand of charming (3)
 R - a wand of flame (5)
Scrolls
 a - 3 scrolls of fear {unknown}
 b - 2 scrolls of immolation
 k - a scroll of vulnerability
 m - 2 scrolls of amnesia
 n - a scroll of poison
 p - 2 scrolls of enchant armour
 t - a scroll of enchant weapon
 w - 3 scrolls of teleportation
 x - a scroll of blinking
 y - a scroll of silence
 I - 2 scrolls of revelation
 J - a scroll of acquirement {unknown}
 N - a scroll of fog {unknown}
Potions
 e - 4 potions of heal wounds
 g - 4 potions of curing
 i - a potion of ambrosia {unknown}
 j - 3 potions of might
 l - a potion of lignification {unknown}
 s - a potion of enlightenment {unknown}
 z - 4 potions of mutation
 A - a potion of invisibility {unknown}
 C - 3 potions of brilliance {unknown}
 H - 3 potions of magic {unknown}
 S - a potion of berserk rage {unknown}


   Skills:
 + Level 10.3 Fighting
 - Level 0.1 Short Blades
 * Level 14.9 Ranged Weapons
 + Level 10.0 Armour
 + Level 9.2 Dodging
 - Level 3.6 Stealth
 - Level 7.0 Invocations


You had 11 spell levels left.
You didn't know any spells.
Your spell library contained the following spells:

 Spells                   Type           Power      Damage    Failure   Level
 Apportation              Tloc           0%         N/A       98%         1
 Kiss of Death            Conj/Necr      0%         2d5       98%         1
 Magic Dart               Conj           0%         1d3       98%         1
 Blink                    Tloc           0%         N/A       99%         2
 Call Imp                 Summ           0%         N/A       99%         2
 Jinxbite                 Hex            0%         N/A       99%         2
 Lesser Beckoning         Tloc           0%         N/A       99%         2
 Momentum Strike          Conj/Tloc      0%         3d8       99%         2
 Confusing Touch          Hex            0%         N/A       100%        3
 Dispel Undead            Necr           0%         3d6       100%        4
 Alistair's Intoxication  Alch           0%         N/A       100%        5


Dungeon Overview and Level Annotations

Branches:
Dungeon (12/15)            Temple (1/1) D:5            Lair (0/5) D:10
    Orc (0/2) D:10         Bailey (visited)

Altars:
Ashenzari
Cheibriados
Dithmenos
Elyvilon
Fedhas
Gozag
Hepliaklqana
Kikubaaqudgha
Makhleb
Nemelex Xobeh
Okawaru
Qazlal
Ru
Sif Muna
Trog
Uskayaw
Vehumet
Wu Jian
Xom
Yredelemnul
Zin
The Shining One
Beogh
Lugonu

Shops:
D:9 *   D:12 !

Annotations:
D:3 3 runed translucent doors, mertasd123's ghost, weakling AtFi
D:12 Frances; Josephine


Innate Abilities, Weirdness & Mutations

Your life essence is reduced to manifest your ancestor. (-10% HP)
You have a pair of horns on your head.
You reflexively headbutt those who attack you in melee.


Message History

The centaur shoots an arrow.
The arrow closely misses Biwiu.
The arrow hits you but does no damage.
The centaur shoots an arrow.
The arrow hits Biwiu.
Biwiu hits the centaur with a +0 flail!
The centaur dies!
You hear a shout!
Found 6 stones.
Found Jahilar's Distillery.
Frances, Duchess of Pandemonium comes into view.
She is wielding a +0 glaive.
You shoot an arrow.
The arrow hits Frances but does no damage.
Frances chants phrases taken from a devil's mouth.
You shoot an arrow. Biwiu avoids your attack.
The arrow hits the hellwing.
The hellwing is lightly wounded.
You shoot an arrow. The arrow barely misses the hellwing.
Biwiu hits Frances with a +0 flail!
The sixfirhy hits you! The sixfirhy shocks you!
Press: ? - help, v - describe, . - travel
Here: Frances, wielding a +0 glaive and wearing a +0 scale mail (lightly wounded, ally target)
The floor.
Unknown command.
The sixfirhy completely misses you.
The sixfirhy hits you but does no damage. x2
Frances whispers indecipherable words.
Frances seems to speed up.
The sixfirhy hits you but does no damage.
The sixfirhy attacks as it pursues you! The sixfirhy hits you!
The sixfirhy shocks you!
The sixfirhy hits you but does no damage.
The sixfirhy completely misses you.
Frances chants phrases taken from a devil's mouth.
There is an open door here.
You see here a +0 spear.
There is an escape hatch in the floor here.
There is an open door here.
Frances chants phrases taken from a devil's mouth.
The shard of ice hits you!!!
Frances whispers indecipherable words.
The iron shot hits you!!!
Ouch! That really hurt!
You die...
Hepliaklqana delivers you to your ancestors.

#....>..+,,* *,,,,* ***
#....4..#*,***,,,,***,,
#.......#*,,,+,,,,+,,,*
#.......#*****,,,,*****
#...>)..# **+*** #.......#
###..####### ##'######
#...######## #.@...#
#.########## #####@#
##.##########
#########'####........####
#....<......##........####
#...........##.....(..####
#...........#...@.Y...##..
#...........#†.Y.YW....@Y#
#..............W......####
#...........##........####
#########+####........####


You could see Frances (fast).

Vanquished Creatures
  2 two-headed ogres (D:11)
  Nergalle (D:11)
  Maurice (D:11)
  2 cyclopes
  A komodo dragon (D:11)
  2 kobold demonologists
  Maggie (D:10)
  Grinder (D:3)
  A hornet (D:8)
  Sigmund (D:4)
  A wraith (D:9)
  16 yaks
  Menkaure (D:4)
  Edmund (D:4)
  3 water moccasins
  14 orc warriors
  A black bear (D:10)
  2 ogres
  A phantom (D:4)
  A centaur (D:8)
  4 kobold brigands
  6 bullfrogs
  4 scorpions
  4 wights (D:9)
  2 howler monkeys
  5 hounds
  A bombardier beetle (D:3)
  3 orc priests
  A gnoll bouda (D:9)
  Jessica (D:3)
  6 iguanas
  3 sleepcaps
  7 orc wizards
  15 gnolls
  5 adders
  A shadow imp (D:6)
  27 orcs
  4 bats
  5 endoplasms
  2 giant cockroaches
  23 goblins
  14 hobgoblins
  16 kobolds
  4 quokkas
  2 ribbon worms
  10 ball pythons
  6 frilled lizards
  9 rats
244 creatures vanquished.

Vanquished Creatures (collateral kills)
  An orc warlord (Bailey)
  A two-headed ogre (D:11)
  A kobold demonologist (D:11)
  A shadow (D:11)
  6 yaks
  A vampire (D:10)
  A steam dragon (D:9)
  An acid dragon (D:9)
  A water moccasin (D:10)
  3 orc warriors (Bailey)
  A centaur (D:12)
  2 bullfrogs
  A scorpion (D:10)
  2 hounds (D:7)
  A gnoll bouda (D:10)
  An orc wizard (D:10)
  2 gnolls
  7 orcs
  2 goblins (Bailey)
  4 hobgoblins (Bailey)
40 creatures vanquished.

Vanquished Creatures (others)
  5 knights
  3 ancestors
  A goblin (D:3)
9 creatures vanquished.

Grand Total: 293 creatures vanquished

Notes
Turn   | Place    | Note
-------+----------+-------------------------------------------
     0 | D:1      | DryNick the Minotaur Hunter began the quest for the Orb.
     0 | D:1      | Reached XP level 1. HP: 18/18 MP: 0/0
    29 | D:1      | Reached skill level 1 in Stealth
    66 | D:1      | Reached XP level 2. HP: 25/25 MP: 1/1
   498 | D:1      | Reached skill level 5 in Ranged Weapons
   539 | D:1      | Reached XP level 3. HP: 30/30 MP: 2/2
   870 | D:2      | Reached XP level 4. HP: 11/37 MP: 3/3
   904 | D:2      | Reached skill level 6 in Ranged Weapons
  1020 | D:2      | Upgraded the game from 0.30-a0-1074-g5db6f66fbb to
                  | 0.32-a0-913-g739538afd8
  1391 | D:3      | Found a runed translucent gate.
  1391 | D:3      | Found a runed translucent gate.
  1391 | D:3      | Found a runed translucent gate.
  1392 | D:3      | Identified the +2 ring mail of Purple Dead-Nettles {rN+
                  | Int+3}
  1396 | D:3      | Noticed mertasd123's ghost (weakling AtFi)
  1427 | D:3      | Found a burning altar of Makhleb.
  1429 | D:3      | Found a radiant altar of Vehumet.
  1431 | D:3      | Found a hide-covered altar of Uskayaw.
  1431 | D:3      | Found a shimmering blue altar of Sif Muna.
  1532 | D:3      | Found a stormy altar of Qazlal.
  1599 | D:3      | Noticed Jessica
  1606 | D:3      | Killed Jessica
  2054 | D:3      | Noticed Grinder
  2059 | D:3      | Reached XP level 5. HP: 42/42 MP: 4/4
  2077 | D:3      | Killed Grinder
  2078 | D:3      | Reached skill level 8 in Ranged Weapons
  2078 | D:3      | Reached XP level 6. HP: 18/50 MP: 5/5
  2455 | D:3      | Found a roughly hewn altar of Beogh.
  2570 | D:4      | Reached skill level 1 in Armour
  2576 | D:4      | Noticed Menkaure
  2601 | D:4      | Killed Menkaure
  2602 | D:4      | Reached XP level 7. HP: 28/57 MP: 6/6
  2940 | D:4      | Noticed Edmund
  3094 | D:4      | Found a faded altar of an unknown god.
  3094 | D:4      | Found a hazy altar of Hepliaklqana.
  3096 | D:4      | Found a faded altar of an unknown god.
  3237 | D:4      | Found a sparkling altar of Nemelex Xobeh.
  3237 | D:4      | Found an opulent altar of Gozag.
  3524 | D:4      | Noticed Sigmund
  3537 | D:4      | Killed Sigmund
  3538 | D:4      | Reached skill level 9 in Ranged Weapons
  3683 | D:4      | Killed Edmund
  4021 | D:5      | Entered Level 5 of the Dungeon
  4033 | D:4      | Reached XP level 8. HP: 59/67 MP: 7/7
  4180 | D:5      | Reached skill level 5 in Fighting
  4226 | D:5      | Found a staircase to the Ecumenical Temple.
  4238 | D:5      | Reached skill level 10 in Ranged Weapons
  4352 | D:5      | Found a sacrificial altar of Ru.
  4397 | Temple   | Entered the Ecumenical Temple
  4611 | D:4      | Became a worshipper of Hepliaklqana the Forgotten
  4764 | D:6      | Found a white marble altar of Elyvilon.
  4844 | D:6      | Reached skill level 5 in Dodging
  4930 | D:6      | Reached skill level 1 in Invocations
  5250 | D:6      | Found an ancient bone altar of Kikubaaqudgha.
  5420 | D:7      | Reached skill level 5 in Armour
  5428 | D:7      | Reached XP level 9. HP: 75/75 MP: 7/9
  5448 | D:7      | Reached * piety under Hepliaklqana
  5561 | D:7      | Found a basalt altar of Yredelemnul.
  5747 | D:7      | Found a snail-covered altar of Cheibriados.
  5765 | D:7      | Found an iron altar of Okawaru.
  5833 | D:7      | Found a blossoming altar of Fedhas.
  5852 | D:7      | Found a glowing golden altar of the Shining One.
  6150 | D:8      | Reached skill level 11 in Ranged Weapons
  6179 | D:8      | Identified the orb of Oreotez {*Rage, Will+}
  6185 | D:8      | Upgraded the game from 0.32-a0-913-g739538afd8 to
                  | 0.32-a0-921-g04a7ad8e02
  6218 | D:8      | Found a broken altar of Ashenzari.
  6374 | D:8      | Found a shadowy altar of Dithmenos.
  6826 | D:9      | Reached XP level 10. HP: 59/77 MP: 11/11
  6885 | D:9      | Reached ** piety under Hepliaklqana
  6886 | D:9      | Remembered your ancestor Biwiu as a knight
  6910 | D:9      | Found a flagged portal.
  6949 | D:9      | Found Zostru Cabas's Assorted Antiques.
  6985 | Bailey   | Entered a bailey
  7145 | Bailey   | Reached skill level 12 in Ranged Weapons
  7281 | Bailey   | Noticed an orc warlord
  7285 | Bailey   | Killed an orc warlord
  7582 | D:9      | Bought a scroll of identify for 42 gold pieces
  7582 | D:9      | Bought a clear potion for 18 gold pieces
  7582 | D:9      | Bought a scroll labelled XIVUQEACWO for 21 gold pieces
  7582 | D:9      | Bought a scroll of identify for 42 gold pieces
  7582 | D:9      | Bought a glowing purple potion for 18 gold pieces
  8077 | D:10     | Entered Level 10 of the Dungeon
  8090 | D:10     | Found a staircase to the Orcish Mines.
  8151 | D:10     | Reached skill level 5 in Invocations
  8180 | D:10     | Reached skill level 13 in Ranged Weapons
  8180 | D:10     | Reached XP level 11. HP: 85/85 MP: 13/13
  8206 | D:10     | Noticed Maggie
  8216 | D:10     | Killed Maggie
  8267 | D:10     | You fall into a shaft and drop 2 floors!
  8323 | D:12     | Noticed Josephine
  8426 | D:11     | Noticed a two-headed ogre
  8434 | D:11     | Killed a two-headed ogre
  8513 | D:10     | Found a glowing silver altar of Zin.
  8665 | D:10     | Reached *** piety under Hepliaklqana
  8718 | D:10     | Found an ornate altar of the Wu Jian Council.
  8728 | D:10     | Found a staircase to the Lair.
  8802 | D:10     | Found a bloodstained altar of Trog.
  8947 | D:10     | Found a shimmering altar of Xom.
  9182 | D:11     | Noticed Maurice
  9197 | D:11     | Killed Maurice
  9396 | D:11     | Noticed a two-headed ogre
  9400 | D:11     | Killed a two-headed ogre
  9472 | D:11     | Noticed a two-headed ogre
  9476 | D:11     | Killed a two-headed ogre
  9477 | D:11     | Reached skill level 14 in Ranged Weapons
  9655 | D:11     | Noticed Nergalle
  9660 | D:11     | Killed Nergalle
  9663 | D:11     | Noticed a sun demon
  9815 | D:11     | Reached skill level 10 in Fighting
  9815 | D:11     | Reached XP level 12. HP: 95/95 MP: 14/16
  9870 | D:12     | Reached skill level 10 in Armour
  9888 | D:12     | Found Jahilar's Distillery.
  9888 | D:12     | Noticed Frances
  9908 | D:12     | Killed from afar by Frances

Illustrated notes

Levels and vault maps discovered:
D:1:      dpeg_arrival_subterranean_lakeside_camping, layout_loops_ring
D:2:      layout_rooms
D:3:      layout_loops_corners, overflow_temple_1_default,
          chequers_temple_overflow_statue_of_worship,
          biasface_ghost_orc_armoury, uniq_grinder, uniq_jessica
D:4:      layout_loops_ring, grunt_temple_overflow_opulence,
          nicolae_hepliaklqana_ecumenical_no_more, uniq_menkaure, uniq_sigmund,
          uniq_edmund
D:5:      layout_rooms, mainiacjoe_overflow_alcove_4,
          minmay_temple_entry_proselytizer
D:6:      layout_basic, old_standard_altar, mainiacjoe_overflow_six_doors_small
D:7:      layout_loops_ring, mainiacjoe_overflow_surrounded_room,
          kennysheep_mini, old_standard_altar, marbit_many_paths,
          mainiacjoe_overflow_brackets, grunt_ministairs_9
D:8:      layout_loops_ring, cheibrodos_ashenzari_chains,
          mainiacjoe_overflow_small_starburst, hex_large
D:9:      layout_roguey, serial_shops, nicolae_shop_window_shopping,
          enter_bailey_8, hangedman_decor_peaks_small
D:10:     layout_basic, general_overflow_altar, overflow_temple_1_default,
          trog_three_pillars_becter, amcnicky_altar_gilded,
          due_lair_maze_entry_diamond, david_orc_3, minmay_crystal_water,
          uniq_maggie
D:11:     layout_irregular_city, uniq_maurice, uniq_nergalle
D:12:     layout_roguey, serial_shops,
          nicolae_shop_temple_entry_statues_fountains, uniq_frances,
          uniq_josephine
Temple:   nicolae_temple_total_abyssal_victory

Skill      XL: |  1  2  3  4  5  6  7  8  9 10 11 12 |
---------------+-------------------------------------+-----
Stealth        | 1 3 |  3.6
Ranged Weapons | 5 6 8 9 10 11 13 14 | 14.9
Armour         | 1 3 5 6 7 9 10 | 10.0
Fighting       | 3 4 5 7 8 10 | 10.3
Dodging        | 3 5 6 7 9 |  9.2
Invocations    | 1 3 5 6 7 |  7.0
Short Blades   | |  0.1

Action                     |  1- 3 |  4- 6 |  7- 9 | 10-12 || total
---------------------------+-------+-------+-------+-------++-------
  Melee: Dagger            |       |    25 |    66 |    16 ||   107
         Headbutt          |       |    10 |    21 |     9 ||    40
         Mace              |       |       |     4 |       ||     4
         Broad axe         |       |       |       |    12 ||    12
         Whip              |       |       |       |     7 ||     7
   Fire: Shortbow          |    98 |   107 |   304 |       ||   509
         Orcbow            |       |       |    21 |   294 ||   315
  Throw: Javelin           |       |     2 |       |       ||     2
 Invoke: Ancestor Identity |       |       |     1 |     1 ||     2
         Ancestor Life: Kn |       |       |       |     1 ||     1
         Recall Ancestor   |       |       |       |     1 ||     1
    Use: Potion            |     1 |     2 |     2 |     2 ||     7
         Scroll            |       |     2 |     7 |     9 ||    18
   Stab: Sleeping          |       |     1 |       |       ||     1
 Armour: Leather armour    |    11 |    25 |    29 |       ||    65
         Chain mail        |       |       |   190 |   150 ||   340
  Dodge: Dodged            |    27 |    28 |   147 |    79 ||   281

Table legend: (Time is in decaauts)
 A = Elapsed time spent in this place.
 B = Non-inter-level travel time spent in this place.
 C = Inter-level travel time spent in this place.
 D = Time resting spent in this place.
 E = Time spent auto-exploring this place.
 F = Levels seen in this place.
 G = Mean time per level.
                   A        B        C        D        E       F      G
               +--------+--------+--------+--------+--------+-----+--------+
         Total |  10070 |   9375 |    695 |    166 |   6772 |  14 |  719.3 |
       Dungeon |   9505 |   8810 |    695 |    134 |   6671 |  12 |  792.1 |
        Temple |      1 |      1 |      0 |      0 |      0 |   1 |    1.0 |
        Bailey |    563 |    563 |      0 |     32 |    101 |   1 |  563.0 |
               +--------+--------+--------+--------+--------+-----+--------+

Top non-repeatable levels by time:
     D:4: 1584 daAuts
     D:3: 1111 daAuts
    D:10: 881 daAuts
     D:9: 808 daAuts
    D:11: 807 daAuts
     D:1: 801 daAuts
     D:6: 754 daAuts
     D:7: 706 daAuts
     D:2: 690 daAuts
     D:8: 639 daAuts
  Bailey: 563 daAuts
     D:5: 549 daAuts
    D:12: 169 daAuts
  Temple: 1 daAuts
